 Dungeon Crawl Stone Soup version 0.31-a0-626-g8143ab4f1d (webtiles) character file.

Game seed: 15610648671621796054

8 autismninja the Trooper (level 2, 0/27 HPs)
             Began as a Hill Orc Fighter on Aug 24, 2023.
             Slain by a jackal (1 damage)
             ... on level 1 of the Dungeon.
             The game lasted 00:01:02 (117 turns).

autismninja the Trooper (Hill Orc Fighter)           Turns: 117, Time: 00:01:03

Health: 0/27       AC:  6    Str: 18    XL:     2   Next: 8%
Magic:  2/2        EV:  9    Int:  8    God:
Gold:   18         SH:  4    Dex: 10    Spells: 1/1 levels left

rFire   . . .        a - +0 war axe
rCold   . . .        c - +0 buckler
rNeg    . . .        b - +0 scale mail
rPois   .            (no helmet)
rElec   .            (no cloak)
rCorr   .            (no gloves)
SInv    .            (no boots)
Will    .....        (no amulet) Stlth
                     (no ring)
HPRegen 0.24/turn    (no ring)
MPRegen 0.08/turn

%: no passive effects
@: no status effects
A: no striking features
a: no special abilities


You were on level 1 of the Dungeon.
You visited 1 branch of the dungeon, and saw 1 of its levels.

You collected 18 gold pieces.

Inventory:

Hand Weapons
 a - a +0 war axe (weapon)
Armour
 b - a +0 scale mail (worn)
 c - a +0 buckler (worn)
Potions
 d - a potion of might


   Skills:
 + Level 3.7 Fighting
 + Level 2.8 Axes
 + Level 3.6 Armour
 + Level 3.4 Shields


You had one spell level left.
You didn't know any spells.
Your spell library was empty.

Dungeon Overview and Level Annotations

Branches:
Dungeon (1/15)

Altars:


Message History

The jackal closely misses you. You block the jackal's attack.
The gnoll hits you from afar with a +0 spear.
The jackal completely misses you.
You closely miss the jackal.
The jackal is almost dead.
You slash the dart slug! You block the jackal's attack.
The gnoll closely misses you. The jackal bites you.
The gnoll hits you from afar with a +0 spear.
* * * LOW HITPOINT WARNING * * *
You barely miss the jackal.
The jackal is almost dead.
You slash the dart slug!
You kill the dart slug!
The jackal closely misses you. You block the gnoll's attack.
The jackal bites you but does no damage.
You have reached level 2!
The gnoll attacks as it pursues you! You block the gnoll's attack.
You block the jackal's attack.
You see here a book of Conjurations.
The gnoll attacks as it pursues you! The gnoll barely misses you.
You see here a +0 sling.
The jackal bites you.
* * * LOW HITPOINT WARNING * * *
The gnoll barely misses you. You block the jackal's attack.
The gnoll barely misses you. The jackal barely misses you.
The jackal bites you but does no damage.
The jackal barely misses you. The jackal closely misses you.
You see here a rat corpse.
The jackal attacks as it pursues you! You block the jackal's attack.
The jackal attacks as it pursues you! The jackal closely misses you.
The jackal barely misses you.
The jackal bites you but does no damage.
The gnoll attacks as it pursues you! The gnoll hits you but does no damage.
The gnoll attacks as it pursues you!
The gnoll hits you from afar with a +0 spear.
* * * LOW HITPOINT WARNING * * *
The jackal bites you.
You die...

#.....# #.. #####.# #.. #.# ##...
#.# #.#.. #.# #)†# #.# # #†.#
########.#####.# #..#
...............###############..#
#######.#####...@..............:#
#.# #....hg######.####..#
#.##########..†..........)#
#........(...##############
##############


You could see a gnoll and a jackal.

Vanquished Creatures
  A dart slug (D:1)
  A goblin (D:1)
  2 jackals (D:1)
  2 rats (D:1)
6 creatures vanquished.

Notes
Turn   | Place    | Note
-------+----------+-------------------------------------------
     0 | D:1      | autismninja the Hill Orc Fighter began the quest for the
                  | Orb.
     0 | D:1      | Reached XP level 1. HP: 19/19 MP: 1/1
    97 | D:1      | Reached XP level 2. HP: 3/27 MP: 2/2
   116 | D:1      | HP: 1/27 [gnoll/+0 spear (5)]
   117 | D:1      | Slain by a jackal

Illustrated notes

Levels and vault maps discovered:
D:1:      wander_arrival_fairy_ring, layout_loops_ring, serial_rivers,
          chequers_serial_rivers_micro_b, chequers_serial_rivers_micro_c,
          chequers_serial_rivers_small_3, chequers_serial_rivers_micro_b,
          serial_shops, shop, grunt_decor_clamped

Action                     || total
---------------------------++-------
  Melee: War axe           ||    14
 Armour: Scale mail        ||     9
  Dodge: Dodged            ||    17
  Block: Buckler           ||    12

Table legend: (Time is in decaauts)
 A = Elapsed time spent in this place.
 B = Non-inter-level travel time spent in this place.
 C = Inter-level travel time spent in this place.
 D = Time resting spent in this place.
 E = Time spent auto-exploring this place.
 F = Levels seen in this place.
 G = Mean time per level.
                   A        B        C        D        E       F      G
               +--------+--------+--------+--------+--------+-----+--------+
         Total |    122 |    122 |      0 |      0 |     28 |   1 |  122.0 |
       Dungeon |    122 |    122 |      0 |      0 |     28 |   1 |  122.0 |
               +--------+--------+--------+--------+--------+-----+--------+

Top non-repeatable levels by time:
     D:1: 122 daAuts
